 Dungeon Crawl Stone Soup version 0.28-a0-1038-g9c4cb8273d (webtiles) character file.

Game seed: 12349355359903494751

23675 ytrimaz the Cleaver (level 13, -9/82 HPs)
             Began as a Gargoyle Fighter on Dec 8, 2021.
             Was a High Priest of Okawaru.
             Mangled by a white ugly thing (34 damage)
             ... in an ice cave.
             The game lasted 00:14:49 (14861 turns).

ytrimaz the Cleaver (Gargoyle Fighter)             Turns: 14861, Time: 00:14:50

Health: -9/82      AC: 27    Str: 25    XL:     13   Next: 8%
Magic:  20/20      EV:  7    Int: 16    God:    Okawaru [*****.]
Gold:   610        SH:  5    Dex:  9    Spells: 12/12 levels left

rFire   . . .      SeeInvis +   u - +4 battleaxe (elec)
rCold   . . .      Faith    .   (shield currently unavailable)
rNeg    + . .      Spirit   .   z - +1 plate armour of Cuotab {Int+7}
rPois   ∞          Reflect  +   n - +0 hat "Cifew" {rPois}
rElec   +          Harm     .   (no cloak)
rCorr   .          Rampage  .   (no gloves)
Will    .....                   (no boots)
Stlth   ..........              h - amulet of reflection
HPRegen 0.23/turn               i - ring of wizardry
MPRegen 0.17/turn               I - ring of see invisible

@: no status effects
A: sickness immunity, AC +9, negative energy resistance 1, electricity
resistance, torment resistance 1, petrification resistance, iridescent scales 1,
sense surroundings 1, MP-powered wands
a: Renounce Religion, Heroism, Finesse, Duel


You were in an ice cave.
You worshipped Okawaru.
Okawaru was extremely pleased with you.
You visited 2 branches of the dungeon, and saw 14 of its levels.
You also visited: Ice Cave.

You collected 610 gold pieces.

Inventory:

Hand Weapons
 a - a +1 war axe of freezing
 u - a +4 battleaxe of electrocution (weapon)
 C - a +2 broad axe of flaming
Missiles
 c - 2 throwing nets (quivered)
Armour
 n - the +0 hat "Cifew" (worn) {rPois}
   (You found it on level 8 of the Dungeon)

   rPois:     It protects you from poison.
 z - the +1 plate armour of Cuotab (worn) {Int+7}
   (You took it off an orc warrior on level 8 of the Dungeon)

   Int:       It affects your intelligence (+7).
 D - a +0 kite shield
 G - a +2 buckler of poison resistance
Jewellery
 h - an amulet of reflection (around neck)
 i - a ring of wizardry (left hand)
 j - a ring of wizardry
 o - an amulet of regeneration
 q - an amulet of the acrobat
 H - a ring of ice
 I - a ring of see invisible (right hand)
Wands
 m - a wand of mindburst (17)
 t - a wand of paralysis (5)
 y - a wand of digging (7)
 E - a wand of acid (7)
Scrolls
 d - 2 scrolls of fear
 l - 4 scrolls of teleportation
 v - 2 scrolls of amnesia
 x - a scroll of magic mapping
 A - a scroll of enchant weapon
Potions
 b - 3 potions of might
 e - 3 potions of attraction
 f - 2 potions of resistance
 g - 2 potions of cancellation
 k - 7 potions of curing
 p - a potion of degeneration {unknown}
 r - 3 potions of invisibility {unknown}
 s - 3 potions of brilliance
 w - 2 potions of haste {unknown}
 B - 3 potions of mutation
 F - a potion of flight {unknown}
 J - a potion of lignification {unknown}


   Skills:
 + Level 10.1 Fighting
 + Level 13.9 Axes
 + Level 0.1 Throwing
 + Level 10.8 Armour
 - Level 4.0 Shields
 * Level 9.5 Invocations
 - Level 0.4 Evocations


You had 12 spell levels left.
You didn't know any spells.
Your spell library contained the following spells:

 Spells                   Type           Power      Damage    Failure   Level
 Beastly Appendage        Tmut           0%         N/A       65%         1
 Magic Dart               Conj           0%         1d3       65%         1
 Pain                     Necr           0%         1d4       65%         1
 Corpse Rot               Necr/Air       0%         N/A       78%         2
 Passwall                 Tmut/Erth      0%         N/A       78%         2
 Searing Ray              Conj           0%         2d4       78%         2
 Wereblood                Tmut           0%         N/A       78%         2
 Spider Form              Tmut/Pois      0%         N/A       94%         3
 Swiftness                Air            0%         N/A       94%         3
 Vampiric Draining        Necr           0%         2d6       94%         3
 Dispel Undead            Necr           0%         3d6       100%        4
 Fulminant Prism          Conj/Hex       0%         3d6       100%        4
 Freezing Cloud           Conj/Ice/Air   0%         6-21      100%        5
 Polar Vortex             Ice            0%         N/A       100%        9
 Animate Skeleton         Necr           Unusable   N/A       N/A         1
 Death Channel            Necr           Unusable   N/A       N/A         6
 Simulacrum               Ice/Necr       Unusable   N/A       N/A         6

Dungeon Overview and Level Annotations

Branches:
Dungeon (13/15)            Temple (1/1) D:4            Lair (0/6) D:9
    Orc (0/2) D:10         Vaults (0/5) D:13          IceCv (1/1)

Altars:
Ashenzari
Cheibriados
Dithmenos
Elyvilon
Fedhas
Gozag
Hepliaklqana
Kikubaaqudgha
Makhleb
Nemelex Xobeh
Okawaru
Qazlal
Ru
Sif Muna
Trog
Uskayaw
Vehumet
Wu Jian
Xom
Yredelemnul
Zin
The Shining One
Beogh

Shops:
D:1 (*:(   D:9 (

Annotations:
D:6 3 runed translucent doors, Dvallin's ghost, novice KoFi
D:10 1 runed translucent door, ders's ghost, novice GrEE
D:12 2 transporters, SirDiesAlot's ghost, journeyman MiDe


Innate Abilities, Weirdness & Mutations

You are immune to sickness and miasma.
Your stone body is resilient. (AC +9)
You are immune to poison.
You resist negative energy. (rN+)
You are resistant to electric shocks. (rElec)
You are resistant to unholy torment.
You are immune to petrification.
You are partially covered in iridescent scales. (AC +2)
You passively map a small area around you.
You expend magic power (3 MP) to strengthen your wands.


Message History

The death yak gores you.
Unknown command.
You hit the death yak.
The death yak is moderately wounded.
You block the death yak's attack.
You hit the death yak.
Lightning courses through the death yak!
The death yak is heavily wounded.
The death yak gores you but does no damage.
Unknown command.
You slash the death yak!
Lightning courses through the death yak!
The death yak is almost dead.
The death yak closely misses you.
Unknown command.
You hit the death yak but do no damage.
Lightning courses through the death yak!
You kill the death yak!
Okawaru accepts your kill.
You hit the white ugly thing.
The white ugly thing is lightly wounded.
The white ugly thing closely misses you.
Unknown command.
You closely miss the white ugly thing.
The white ugly thing is lightly wounded.
You block the white ugly thing's attack.
You slash the white ugly thing!
The white ugly thing is moderately wounded.
The white ugly thing closely misses you.
Unknown command.
You hit the white ugly thing but do no damage.
The white ugly thing is moderately wounded.
You block the white ugly thing's attack.
You slash the white ugly thing!
The white ugly thing is moderately wounded.
You block the white ugly thing's attack.
You closely miss the white ugly thing.
The white ugly thing is moderately wounded.
The white ugly thing gores you! The white ugly thing freezes you!!
You die...

#.##
##..........
##..#
##.#....#.#
#..##
####..##
#.#.## ##††#
##.#.#
##††##
##..## #..##
##..##
#...##
##..##
##...## *
*##@.#
##...# *
,#u.##
##...# #.###
#†..## * ,
#.# ##...##
#.# ,
##.....##
... *
#...∩...# ,
###
#.......# ,
* ##..∩..##
##...##


You could see a white ugly thing.

Vanquished Creatures
  4 hydras
  A two-headed ogre (D:11)
  3 death yaks (IceCv)
  Sonja (D:13)
  The ghost of blank1 the Fighter, a novice FoFi of Okawaru (D:8)
  An iron troll (D:13)
  A deep elf pyromancer (D:12)
  3 cyclopes
  2 ugly things (D:13)
  3 gargoyles
  A freezing wraith (D:13)
  A kobold demonologist (D:12)
  2 rime drakes (IceCv)
  4 trolls
  A meliai (shapeshifter) (D:13)
  3 polar bears (IceCv)
  2 hornets
  4 slime creatures (D:12)
  Sigmund (D:3)
  A vampire (D:12)
  A shadow (D:9)
  18 yaks
  2 wraiths
  4 wyverns
  A basilisk (D:9)
  2 steam dragons
  4 vampire mosquitoes (D:13)
  Menkaure (D:5)
  Edmund (D:4)
  An acid dragon (D:12)
  A warg (D:8)
  6 water moccasins
  A floating eye (shapeshifter) (D:13)
  7 orc warriors
  3 sky beasts
  A hornet zombie (D:8)
  An ice beast (D:6)
  A necrophage (D:4)
  2 ogres
  2 wolves (IceCv)
  2 centaurs
  3 kobold brigands
  A bullfrog (D:7)
  A scorpion (D:6)
  A wyvern zombie (D:9)
  A howler monkey (D:4)
  3 crimson imps (D:3)
  6 centaur zombies
  3 hounds
  A bullfrog zombie (D:5)
  3 jellies
  3 centaur skeletons
  4 orc priests
  A gnoll shaman (D:5)
  10 orc wizards
  Terence (D:2)
  Natasha (D:3)
  2 iguanas
  A howler monkey zombie (D:7)
  16 gnolls
  4 adders
  A shadow imp (D:6)
  3 white imps
  2 dart slugs
  2 worms (D:2)
  42 orcs
  7 bats
  11 endoplasms
  A giant cockroach (D:1)
  8 goblins
  5 hobgoblins (D:1)
  6 jackals
  3 quokkas
  7 ball pythons
  15 frilled lizards
  23 kobolds
  4 rats
308 creatures vanquished.

Vanquished Creatures (others)
  3 fungi (D:9)
  16 plants
19 creatures vanquished.

Grand Total: 327 creatures vanquished

Notes
Turn   | Place    | Note
-------+----------+-------------------------------------------
     0 | D:1      | ytrimaz the Gargoyle Fighter began the quest for the Orb.
     0 | D:1      | Reached XP level 1. HP: 14/14 MP: 1/1
    58 | D:1      | Found a faded altar of an unknown god.
    65 | D:1      | Found Sycs's Antique Weapon Boutique.
   288 | D:1      | Found Bapianimp's General Store.
   294 | D:1      | Reached XP level 2. HP: 9/19 MP: 2/2
   596 | D:1      | Reached skill level 2 in Axes
   670 | D:1      | Found Abrelyme's Weapon Emporium.
   691 | D:1      | Reached XP level 3. HP: 19/23 MP: 3/3
   779 | D:1      | Found Eroipn's Book Shop.
  1092 | D:1      | Gained mutation: Your mind is acute. (Int +2) [potion of
                  | mutation]
  1092 | D:1      | Gained mutation: You have a pair of small horns on your
                  | head. [potion of mutation]
  1646 | D:2      | Reached XP level 4. HP: 21/28 MP: 4/4
  1944 | D:2      | Noticed Terence
  1960 | D:2      | Killed Terence
  1961 | D:2      | Reached skill level 3 in Axes
  2225 | D:2      | Lost mutation: You have a pair of small horns on your head.
                  | [potion of mutation]
  2225 | D:2      | Lost mutation: Your mind is acute. (Int +2) [potion of
                  | mutation]
  2225 | D:2      | Gained mutation: You expend magic power (3 MP) to
                  | strengthen your wands. [potion of mutation]
  2225 | D:2      | Gained mutation: You are partially covered in iridescent
                  | scales. (AC +2) [potion of mutation]
  2225 | D:2      | Gained mutation: You passively map a small area around you.
                  | [potion of mutation]
  2352 | D:3      | Reached XP level 5. HP: 33/33 MP: 5/5
  2405 | D:3      | Noticed Sigmund
  2417 | D:3      | Killed Sigmund
  2418 | D:3      | Reached skill level 4 in Axes
  2418 | D:3      | Reached XP level 6. HP: 13/38 MP: 6/6
  2767 | D:3      | Found a shimmering altar of Xom.
  2873 | D:3      | Reached skill level 5 in Axes
  2873 | D:3      | Reached skill level 5 in Armour
  2873 | D:3      | Reached XP level 7. HP: 9/43 MP: 7/7
  3409 | D:3      | Noticed Natasha
  3421 | D:3      | Killed Natasha
  3990 | D:4      | Reached skill level 6 in Axes
  4282 | D:4      | Reached XP level 8. HP: 48/48 MP: 8/8
  4427 | D:4      | Noticed Edmund
  4464 | D:4      | Killed Edmund
  4465 | D:4      | Reached skill level 5 in Fighting
  4852 | D:4      | Found a staircase to the Ecumenical Temple.
  5086 | Temple   | Entered the Ecumenical Temple
  5283 | Temple   | Became a worshipper of Warmaster Okawaru
  5374 | D:5      | Entered Level 5 of the Dungeon
  5639 | D:5      | Noticed Menkaure
  5645 | D:5      | Killed Menkaure
  5646 | D:5      | Reached skill level 7 in Axes
  6243 | D:5      | Reached * piety under Okawaru
  6805 | D:6      | Reached skill level 1 in Invocations
  6805 | D:6      | Reached XP level 9. HP: 48/54 MP: 9/9
  6815 | D:6      | Reached skill level 8 in Axes
  6973 | D:6      | Found a runed translucent gate.
  6973 | D:6      | Found a runed translucent gate.
  6974 | D:6      | Found a runed translucent gate.
  6976 | D:6      | Noticed Dvallin's ghost (novice KoFi)
  7117 | D:6      | Identified the +2 dagger "Pecrew" {vorpal, *Rage rElec
                  | rCorr Dex+2}
  7400 | D:7      | Found a sparkling altar of Nemelex Xobeh.
  7411 | D:7      | Reached ** piety under Okawaru
  7897 | D:7      | Found an ancient bone altar of Kikubaaqudgha.
  8457 | D:8      | Found a glowing silver altar of Zin.
  8500 | D:8      | Reached skill level 9 in Axes
  8552 | D:8      | Noticed a hornet
  8560 | D:8      | Killed a hornet
  8560 | D:8      | Reached *** piety under Okawaru
  8792 | D:8      | Found a runed translucent gate.
  8792 | D:8      | Noticed blank1's ghost (novice FoFi)
  8792 | D:8      | Identified the +1 plate armour of Cuotab {Int+7}
  8794 | D:8      | Found a runed translucent gate.
  8795 | D:8      | Found a runed translucent gate.
  9069 | D:8      | Reached XP level 10. HP: 58/61 MP: 11/13
  9101 | D:8      | Killed blank1's ghost
  9124 | D:8      | Identified the +0 hat "Cifew" {rPois}
  9241 | D:9      | Reached **** piety under Okawaru
  9286 | D:9      | Reached skill level 10 in Axes
  9286 | D:9      | Reached skill level 5 in Invocations
  9299 | D:9      | Found a staircase to the Lair.
  9806 | D:9      | Found a shadowy altar of Dithmenos.
  9941 | D:9      | Reached ***** piety under Okawaru
 10026 | D:9      | Found Loimitiv's Weapon Boutique.
 10222 | D:10     | Entered Level 10 of the Dungeon
 10270 | D:10     | Found a bloodstained altar of Trog.
 10279 | D:10     | Reached XP level 11. HP: 68/68 MP: 15/15
 10455 | D:10     | Noticed a five-headed hydra
 10460 | D:10     | Reached skill level 11 in Axes
 10540 | D:10     | Killed a 12-headed hydra
 10792 | D:10     | Found a runed translucent door.
 10799 | D:10     | Found a shimmering altar of Xom.
 10799 | D:10     | Noticed ders's ghost (novice GrEE)
 10799 | D:10     | Noticed a +1 trident of chaos
 10818 | D:10     | Received a gift from Okawaru
 11315 | D:10     | Found a staircase to the Orcish Mines.
 11968 | D:11     | Noticed a cyclops
 11973 | D:11     | Killed a cyclops
 12056 | D:11     | Noticed a cyclops
 12062 | D:11     | Killed a cyclops
 12146 | D:11     | Reached skill level 12 in Axes
 12327 | D:11     | Noticed a six-headed hydra
 12334 | D:11     | Killed a three-headed hydra
 12528 | D:11     | Noticed a two-headed ogre
 12541 | D:11     | Killed a two-headed ogre
 12541 | D:11     | Received a gift from Okawaru
 12875 | D:12     | Noticed a deep elf pyromancer
 12879 | D:12     | Killed a deep elf pyromancer
 12880 | D:12     | Reached XP level 12. HP: 76/76 MP: 17/17
 13049 | D:12     | Noticed a six-headed hydra
 13054 | D:12     | Killed a one-headed hydra
 13079 | D:12     | Noticed a vampire knight
 13226 | D:12     | Noticed a boulder beetle
 13499 | D:12     | Reached skill level 10 in Armour
 13866 | D:12     | Found a transporter.
 13867 | D:12     | Noticed SirDiesAlot's ghost (journeyman MiDe)
 13875 | D:12     | Found a transporter.
 13996 | D:13     | Noticed Sonja
 14014 | D:13     | Killed Sonja
 14101 | D:13     | Reached skill level 13 in Axes
 14106 | D:13     | Noticed an iron troll
 14122 | D:13     | Killed an iron troll
 14139 | D:13     | Found a gate to the Vaults.
 14265 | D:13     | Noticed a six-headed hydra
 14278 | D:13     | Killed a one-headed hydra
 14572 | D:13     | Found a frozen archway.
 14593 | IceCv    | Entered an ice cave
 14643 | IceCv    | Noticed a death yak
 14658 | IceCv    | Received a gift from Okawaru
 14664 | IceCv    | Killed a death yak
 14665 | IceCv    | Reached skill level 10 in Fighting
 14836 | IceCv    | Noticed a death yak
 14836 | IceCv    | Noticed a death yak
 14849 | IceCv    | Reached XP level 13. HP: 32/82 MP: 20/20
 14861 | IceCv    | Mangled by a white ugly thing

Illustrated notes

Levels and vault maps discovered:
D:1:      saegor_arrival_simple_b, layout_basic, serial_shops, shop,
          nicolae_shop_overgrown_old_shop, shop,
          nicolae_shop_bloodbath_and_beyond,
          hellmonk_ecumenical_altar_heavens_door
D:2:      layout_basic, uniq_terence
D:3:      layout_loops_ring, led_xom_imps, columned_hall_lemuel,
          kennysheep_donut, minmay_misc_feat_hallway, uniq_natasha, uniq_sigmund
D:4:      layout_basic, minmay_temple_entry_statues, hangedman_decor_push,
          minmay_lizard_king, uniq_edmund
D:5:      layout_basic, uniq_menkaure
D:6:      layout_cave_pools, ebering_ghost_rock_garden, dk_vineyard_3,
          st_stairs_5
D:7:      layout_basic, nemelex_xobeh_ov_fountains_minmay,
          kiku_gazebo_pond_becter, lemuel_flamethrower_2
D:8:      layout_rooms, lemuel_crystal_altar, biasface_ghost_orc_armoury
D:9:      layout_cave_pools, grunt_dithmenos_shadows, minmay_lair_entry_grove,
          serial_shops, shop
D:10:     layout_loops_corners, nicolae_overflow_crystal_walls, david_orc_4,
          ebering_ghost_xom
D:11:     layout_stronghold, serial_column_ruins, column_ruins_open_medium,
          column_ruins_grid_1, column_ruins_corridor_straight,
          column_ruins_open_tiny, column_ruins_columns_corner,
          lemuel_flamethrower_hall
D:12:     layout_roguey, gammafunk_ghost_mausoleum
D:13:     layout_basic, david_vaults_4, portal_ice_cave_entry_pillars_2,
          uniq_sonja
Temple:   eino_temple_scatter_basement
IceCv:    ice_cave_small_giant

Skill      XL: |  1  2  3  4  5  6  7  8  9 10 11 12 |
---------------+-------------------------------------+-----
Axes           | 2 3 4 5 6 7 9 10 12 13 | 13.9
Armour         | 4 5 6 7 8 9 10 | 10.8
Fighting       | 4 5 6 7 9 10 | 10.1
Shields        | 4 |  4.0
Invocations    | 1 4 6 7 9 |  9.5
Throwing       | |  0.1
Evocations     | |  0.4

Action                   |  1- 3 |  4- 6 |  7- 9 | 10-12 | 13-15 || total
-------------------------+-------+-------+-------+-------+-------++-------
Melee: War axe           |   119 |   123 |   362 |   203 |       ||   807
       Headbutt          |     2 |     9 |       |       |       ||    11
       Broad axe         |       |       |       |   264 |       ||   264
       Battleaxe         |       |       |       |     7 |    12 ||    19
Throw: Throwing net      |       |       |       |     2 |       ||     2
Invok: Heroism           |       |       |       |     7 |       ||     7
Evoke: Wand              |       |       |     3 |     4 |       ||     7
  Use: Scroll            |     3 |     3 |    13 |     2 |       ||    21
       Potion            |     1 |     2 |       |     6 |       ||     9
Armor: Scale mail        |    65 |    61 |    49 |       |       ||   175
       Chain mail        |       |       |   135 |     1 |       ||   136
       Plate armour      |       |       |       |   337 |     2 ||   339
Dodge: Dodged            |    63 |    49 |   128 |   148 |     4 ||   392
Block: Buckler           |    28 |    70 |   183 |   258 |       ||   539
       Reflection        |       |     1 |     5 |     7 |       ||    13
       Other             |       |       |       |     1 |     4 ||     5

Table legend: (Time is in decaauts)
 A = Elapsed time spent in this place.
 B = Non-inter-level travel time spent in this place.
 C = Inter-level travel time spent in this place.
 D = Time resting spent in this place.
 E = Time spent auto-exploring this place.
 F = Levels seen in this place.
 G = Mean time per level.
                   A        B        C        D        E       F      G
               +--------+--------+--------+--------+--------+-----+--------+
         Total |  14964 |  14259 |    705 |    300 |  11393 |  15 |  997.6 |
       Dungeon |  14493 |  13820 |    673 |    300 |  11045 |  13 | 1114.8 |
        Temple |    209 |    177 |     32 |      0 |    157 |   1 |  209.0 |
      Ice Cave |    261 |    261 |      0 |      0 |    191 |   1 |  261.0 |
               +--------+--------+--------+--------+--------+-----+--------+

Top non-repeatable levels by time:
    D:10: 1695 daAuts
     D:4: 1659 daAuts
     D:1: 1386 daAuts
     D:5: 1330 daAuts
     D:3: 1216 daAuts
    D:12: 1104 daAuts
     D:2: 1022 daAuts
     D:9: 988 daAuts
     D:8: 987 daAuts
    D:11: 953 daAuts
     D:7: 919 daAuts
     D:6: 630 daAuts
    D:13: 599 daAuts
   IceCv: 261 daAuts
  Temple: 209 daAuts
